 Dungeon Crawl Stone Soup version 0.27.1-35-g4d5d836560 (webtiles) character file.

Game seed: 10174374119237684566

359 stevothebomb the Chopper (level 6, -1/53 HPs)
             Began as a Hill Orc Fighter on May 12, 2022.
             Was an Elder of Jiyva.
             Shot with an arrow by a centaur (6 damage)
             ... on level 6 of the Dungeon.
             The game lasted 00:33:09 (5578 turns).

stevothebomb the Chopper (Hill Orc Fighter)         Turns: 5578, Time: 00:33:10

Health: -1/53      AC:  8    Str: 20    XL:     6   Next: 65%
Magic:  5/5        EV:  7    Int:  8    God:    Jiyva [****..]
Gold:   67         SH:  9    Dex: 11    Spells: 5/5 levels left

rFire    . . .     SeeInvis .   a - +1 war axe
rCold    . . .     Faith    .   c - +0 kite shield
rNeg     . . .     Spirit   .   b - +1 scale mail
rPois    .         Reflect  .   (no helmet)
rElec    .         Harm     .   (no cloak)
rCorr    +         Rampage  .   (no gloves)
Will     .....                  (no boots)
Stlth    ..........             (no amulet)
HPRegen  0.17/turn              (no ring)
MPRegen  0.09/turn              (no ring)

@: no status effects
A: low mp 1
a: Renounce Religion, Request Jelly, Slimify


You were on level 6 of the Dungeon.
You worshipped Jiyva.
Jiyva was greatly pleased with you.
You visited 1 branch of the dungeon, and saw 6 of its levels.

You collected 95 gold pieces.
You spent 28 gold pieces at shops.

Inventory:

Hand Weapons
 a - a +1 war axe (weapon)
Missiles
 e - 2 curare-tipped darts (quivered)
Armour
 b - a +1 scale mail (worn)
 c - a +0 kite shield (worn)
 l - the +0 helmet of the Bulwark {SInv}
   (You found it on level 4 of the Dungeon)

   SInv:      It lets you see invisible.
Magical Staves
 k - a staff of air
Jewellery
 g - a +4 ring of evasion
Wands
 h - a wand of polymorph (5)
 i - a wand of iceblast (6)
Scrolls
 f - a scroll of fog
 j - a scroll of identify {unknown}
Potions
 d - a potion of might
 m - a potion of curing


   Skills:
 + Level 4.6 Fighting
 + Level 5.9 Axes
 + Level 5.1 Armour
 + Level 0.7 Dodging
 + Level 0.2 Stealth
 + Level 4.1 Shields


You had 5 spell levels left.
You didn't know any spells.
Your spell library contained the following spells:

 Spells                   Type           Power      Damage    Failure   Level
 Freeze                   Ice            0%         1d3       99%         1
 Frozen Ramparts          Ice            0%         1d2       100%        3
 Portal Projectile        Hex/Tloc       0%         N/A       100%        3
 Hailstorm                Conj/Ice       0%         3d3       100%        4
 Blade Hands              Tmut           0%         N/A       100%        5
 Excruciating Wounds      Necr           0%         N/A       100%        5


Dungeon Overview and Level Annotations

Branches:
Dungeon (6/15)
 Temple: D:4-7

Altars:
Elyvilon
Kikubaaqudgha
Makhleb
Nemelex Xobeh
Qazlal
Vehumet
Zin
The Shining One
Jiyva

Shops:
D:3 ?   D:5 =

Portals:
Sewer: D:5


Innate Abilities, Weirdness & Mutations

Your magical capacity is low. (-10% MP)


Message History

You hear a distant slurping noise.
Jiyva alters your body.
You feel less energetic. Jiyva appreciates your sacrifice.
The centaur shoots an arrow.
The arrow hits you.
The centaur shoots an arrow.
The arrow barely misses you.
The centaur shoots an arrow.
You block the arrow.
You hear a distant slurping noise.
Jiyva appreciates your sacrifice.
You hear a distant slurping noise.
The centaur shoots an arrow.
You block the arrow.
You hear a distant slurping noise.
Jiyva appreciates your sacrifice.
The centaur shoots an arrow.
You block the arrow.
An orc comes into view. It is wielding a +0 flail.
The orc shouts!
The centaur shoots an arrow.
The arrow hits you.
You hear a distant slurping noise.
Jiyva appreciates your sacrifice.
You hear a squelching noise.
The centaur shoots an arrow.
The arrow hits you but does no damage.
The centaur shoots an arrow.
The arrow hits you.
The centaur shoots an arrow.
The arrow hits you!
* * * LOW HITPOINT WARNING * * *
You hear a distant slurping noise.
Jiyva appreciates your sacrifice.
The centaur shoots an arrow.
The arrow barely misses you.
The centaur shoots an arrow.
You block the arrow.
The centaur shoots an arrow.
The arrow barely misses you.
You hear a distant slurping noise.
Jiyva appreciates your sacrifice.
The centaur shoots an arrow.
You block the arrow.
You hear a distant slurping noise.
Jiyva appreciates your sacrifice.
You hear a squelching noise.
The centaur shoots an arrow.
The arrow hits you.
* * * LOW HITPOINT WARNING * * *
You hear a distant slurping noise.
You hear a squelching noise.
The centaur shoots an arrow.
The arrow hits you.
You die...

#####...# .....................
#....................
#.................... ###
+.........c..........
#.#########....................
#..............................
#.########..####...............
#.# #..# #@......o....... #.#
#..# #............... #.# #..#
#............... #.# #..#
#.##+########### #.###### #..#
#.# .......# #..# #.#
######.###..# #.# #.#....# #.#
#.#.#.#####.#


You could see a centaur and an orc.

Vanquished Creatures
  A scorpion (D:4)
  A water moccasin zombie (D:5)
  A bullfrog zombie (D:5)
  2 orc priests (D:4)
  A bullfrog skeleton (D:4)
  Ijyb (D:3)
  2 adders (D:2)
  A howler monkey skeleton (D:5)
  A shadow imp (D:3)
  An adder skeleton (D:5)
  2 dart slugs (D:4)
  4 orcs
  4 bats
  2 endoplasms
  8 giant cockroaches
  3 goblins
  6 hobgoblins
  4 jackals
  3 quokkas
  4 ball pythons
  A frilled lizard (D:3)
  2 kobolds (D:4)
  3 rats
58 creatures vanquished.

Vanquished Creatures (others)
  2 centaurs (D:6)
  2 scorpions (D:5)
  A jelly (D:4)
  2 bullfrog zombies (D:5)
  A hound skeleton (D:4)
  Robin (D:4)
  5 adders
  An ufetubus (D:5)
  A worm (D:3)
  4 orcs (D:4)
  A giant cockroach (D:2)
  A hobgoblin (D:3)
  A kobold (D:2)
  A quokka (D:3)
  2 ball pythons (D:3)
  12 goblins
  4 fungi (D:2)
  52 plants
94 creatures vanquished.

Grand Total: 152 creatures vanquished

Notes
Turn   | Place    | Note
-------+----------+-------------------------------------------
     0 | D:1      | stevothebomb the Hill Orc Fighter began the quest for the
                  | Orb.
     0 | D:1      | Reached XP level 1. HP: 19/19 MP: 1/1
   323 | D:1      | Reached XP level 2. HP: 26/27 MP: 2/2
  1105 | D:2      | Reached XP level 3. HP: 27/33 MP: 3/3
  1539 | D:2      | Found a faded altar of an unknown god.
  1608 | D:2      | Became a worshipper of Jiyva Jonaleiv the Shapeless
  1608 | D:2      | Reached * piety under Jiyva
  2336 | D:3      | Reached ** piety under Jiyva
  2339 | D:3      | Reached XP level 4. HP: 18/40 MP: 4/4
  2342 | D:3      | Noticed Ijyb
  2352 | D:3      | Killed Ijyb
  2514 | D:3      | Found a glowing silver altar of Zin.
  2514 | D:3      | Found a white marble altar of Elyvilon.
  2514 | D:3      | Found a glowing golden altar of the Shining One.
  2662 | D:3      | Found Ommem's Magic Scroll Emporium.
  2671 | D:3      | Bought a scroll of fog for 28 gold pieces
  3751 | D:4      | Reached XP level 5. HP: 30/46 MP: 5/5
  3836 | D:4      | Found a stormy altar of Qazlal.
  3843 | D:4      | Found a burning altar of Makhleb.
  3846 | D:4      | Found an ancient bone altar of Kikubaaqudgha.
  3909 | D:4      | Reached *** piety under Jiyva
  3965 | D:4      | Killed Robin
  4116 | D:4      | Reached skill level 5 in Axes
  4229 | D:4      | Identified the +0 helmet of the Bulwark {SInv}
  4241 | D:4      | Found a sparkling altar of Nemelex Xobeh.
  4316 | D:4      | Reached XP level 6. HP: 40/53 MP: 6/6
  4752 | D:5      | Entered Level 5 of the Dungeon
  4752 | D:5      | Found a radiant altar of Vehumet.
  4880 | D:5      | Found a glowing drain.
  4941 | D:5      | Reached **** piety under Jiyva
  4957 | D:5      | Reached skill level 5 in Armour
  4974 | D:5      | Found Seazuset's Jewellery Emporium.
  5567 | D:6      | Gained mutation: Your magical capacity is low. (-10% MP)
                  | [Jiyva's grace]
  5578 | D:6      | Shot with an arrow by a centaur

Illustrated notes

Levels and vault maps discovered:
D:1:      kennysheep_arrival_forest, layout_basic
D:2:      layout_loops_corners, shapermc_ecumenical_altar_ellora,
          minmay_misc_feat_rows
D:3:      wad_lake_hut, layout_loops_corners, good_gods_mini_temple,
          serial_shops, nicolae_shop_behind_doors, grunt_decor_one_mirror,
          minmay_misc_feat_room, uniq_ijyb
D:4:      layout_basic, minitemple, lemuel_coloured_pillars_altar,
          chequers_serial_rivers_large_b, minmay_misc_feat_enclosed, uniq_robin
D:5:      layout_rooms, mainiacjoe_overflow_alcove_4, serial_shops,
          nicolae_diamond_shop, gup_sewer_entry_pipe, patterned_corridor
D:6:      layout_basic, general_overflow_altar, minmay_manual_mares

Skill      XL: |  1  2  3  4  5  6 |
---------------+-------------------+-----
Axes           | 3 4 5 |  5.9
Fighting       | 4 |  4.6
Armour         | 4 5 |  5.1
Shields        | 4 |  4.1
Dodging        | |  0.7
Stealth        | |  0.2

Action                   |  1- 3 |  4- 6 || total
-------------------------+-------+-------++-------
Melee: War axe           |   124 |   114 ||   238
  Use: Potion            |     2 |     1 ||     3
       Scroll            |     4 |     2 ||     6
Armor: Scale mail        |    64 |    39 ||   103
Dodge: Dodged            |    50 |    35 ||    85
Block: Kite shield       |    62 |    48 ||   110
